 Dungeon Crawl Stone Soup version 0.30.0-19-g36f170ea60 (webtiles) character file.

Game seed: 7794813583488082797

280 booth the Chopper (level 6, 0/15 (51) HPs)
             Began as a Gnoll Reaver on May 26, 2023.
             Succumbed to Duvessa's curare-tipped dart
             ... on level 4 of the Dungeon.
             The game lasted 00:20:25 (3859 turns).

booth the Chopper (Gnoll Reaver)                    Turns: 3859, Time: 00:20:26

HP:   0/15 (51)     AC:  6    Str: 13    XL:     6   Next: 27%
MP:   14/14         EV: 12    Int: 13    God:
Gold: 167           SH:  0    Dex: 10    Spells: 9/15 levels left

rFire   . . .        a - +0 hand axe
rCold   . . .        (no shield)
rNeg    + . .        b - +0 leather armour
rPois   .            (no helmet)
rElec   .            n - +1 cloak {Will+}
rCorr   .            (no gloves)
SInv    .            j - +0 pair of boots
Will    ++...        c - amulet of magic regeneration
Stlth   +            h - ring of positive energy
HPRegen 0.22/turn    o - ring of willpower
MPRegen 0.54/turn

%: no passive effects
@: lethally poisoned (0 -> -1), slowed, extremely drained, very slow
A: fangs 1, strong nose, distributed training
a: no special abilities


You were on level 4 of the Dungeon.
You visited 1 branch of the dungeon, and saw 4 of its levels.

You collected 167 gold pieces.

Inventory:

Hand Weapons
 a - a +0 hand axe (weapon)
 d - a +0 mace
Missiles
 f - 6 poisoned darts (quivered)
Armour
 b - a +0 leather armour (worn)
 j - a +0 pair of boots (worn)
 n - a +1 cloak of willpower (worn)
Jewellery
 c - an amulet of magic regeneration (around neck)
 e - a ring of ice
 h - a ring of positive energy (left hand)
 o - a ring of willpower (right hand)
Wands
 l - a wand of mindburst (10)
Scrolls
 g - 3 scrolls of fog
 m - a scroll of enchant armour {unknown}
 p - 2 scrolls of identify
Potions
 i - a potion of curing
 k - a potion of heal wounds
 r - a potion of attraction


   Skills:
 + Level 5.0 Fighting
 + Level 2.0 Short Blades
 + Level 2.0 Long Blades
 + Level 6.8 Axes
 + Level 2.0 Maces & Flails
 + Level 2.0 Polearms
 + Level 2.0 Staves
 + Level 2.0 Ranged Weapons
 + Level 2.0 Throwing
 + Level 2.0 Armour
 + Level 5.0 Dodging
 + Level 2.0 Stealth
 + Level 2.0 Shields
 + Level 2.0 Unarmed Combat
 + Level 5.3 Spellcasting
 + Level 5.6 Conjurations
 + Level 1.5 Hexes
 + Level 1.5 Summonings
 + Level 1.5 Necromancy
 + Level 1.5 Translocations
 + Level 1.5 Transmutations
 + Level 1.5 Fire Magic
 + Level 1.5 Ice Magic
 + Level 1.5 Air Magic
 + Level 1.5 Earth Magic
 + Level 1.5 Poison Magic
 + Level 2.1 Invocations
 + Level 2.0 Evocations


You had 9 spell levels left.
You knew the following spells:

 Your Spells              Type           Power      Damage    Failure   Level
a - Kiss of Death         Conj/Necr      48%        2d9       5%          1
b - Momentum Strike       Conj/Tloc      24%        3d8       8%          2
c - Hailstorm             Conj/Ice       12%        3d5       16%         3

Your spell library contained the following spells:

 Spells                   Type           Power      Damage    Failure   Level
 Sublimation of Blood     Necr           7%         N/A       19%         2
 Petrify                  Tmut/Erth      7%         N/A       77%         4
 Irradiate                Conj/Tmut      6%         3d13      82%         5


Dungeon Overview and Level Annotations

Branches:
Dungeon (4/15)
 Temple: D:4-7

Altars:
Uskayaw

Shops:
D:4 =

Annotations:
D:4 Dowan, Duvessa


Innate Abilities, Weirdness & Mutations

You have very sharp teeth.
Your uncanny sense of smell can sniff out nearby items.
Your experience applies equally to all skills.


Message History

You barely miss the adder.
The adder is almost dead.
The adder bites you but does no damage.
You hit the adder.
You kill the adder!
You start resting.
HP restored.
Duvessa shouts!
Duvessa throws a curare-tipped dart.
The curare-tipped dart closely misses you.
Dowan gestures at you while chanting. The puff of flame misses you.
Dowan points at you and mumbles some strange words.
The puff of frost misses you.
Duvessa throws a curare-tipped dart.
The curare-tipped dart hits you.
You are poisoned.
You have difficulty breathing.
You feel yourself slow down.
You feel very sick. Dowan hits you with a +0 dagger.
Duvessa throws a curare-tipped dart.
The curare-tipped dart barely misses you.
You barely miss Dowan.
You feel sick. Dowan closely misses you.
Dowan says, "My weaknesses are her strengths!"
Dowan closely misses you. Dowan attacks as you move away!
Dowan hits you with a +0 dagger.
* * * LOW HITPOINT WARNING * * *
x2 You feel sick.
You slash Dowan!
Dowan is moderately wounded.
* * * LOW HITPOINT WARNING * * *
You feel sick. Dowan hits you with a +0 dagger.
* * * LOW HITPOINT WARNING * * *
Casting: Momentum Strike (safe; 8% risk of failure)
Confirm with . or Enter, or press ? or * to list all spells.
Aiming: Kiss of Death (safe; 5% risk of failure)
Press: ? - help, Shift-Dir - straight line, f/p - Duvessa
Aim: Duvessa, wielding a +0 rapier, wearing a +3 leather armour of fire resistance and quivering curare-tipped darts (lightly wounded, 100% to hit)
The negative energy hits Duvessa.
Duvessa is drained!
Duvessa is moderately wounded.
You feel drained.
You die...

##.#.# ..#.##....
#.###.#.##.....##....
#..........#.#...<...
###.###.#.##.#.#.###...
.......................
#######.#.##.#.#.###...
#e.#.# # #.###...
#e##.##.#.#.......
.######@#.........####..
........#..##...........
........#..##...#[.###..
........#.e.........##..
.#.........##...........
#......#..............#
#.###..#...#.#.##..##..
#. #..#........#.. ### #
#..#........#. ##


You could see Duvessa (drained) and Dowan.

Vanquished Creatures
  Crazy Yiuf (D:2)
  Terence (D:2)
  Ijyb (D:3)
  An orc wizard (D:4)
  4 gnolls (D:3)
  6 adders
  3 worms
  2 dart slugs
  5 orcs
  3 ball pythons
  6 bats
  7 endoplasms
  2 giant cockroaches
  6 goblins
  5 hobgoblins
  3 jackals (D:2)
  4 quokkas
  3 frilled lizards
  5 kobolds
  3 rats
71 creatures vanquished.

Notes
Turn   | Place    | Note
-------+----------+-------------------------------------------
     0 | D:1      | booth the Gnoll Reaver began the quest for the Orb.
     0 | D:1      | Reached XP level 1. HP: 20/20 MP: 6/6
   199 | D:1      | Reached XP level 2. HP: 26/26 MP: 7/7
   202 | D:1      | Learned a level 2 spell: Momentum Strike
   886 | D:2      | Reached skill level 5 in Spellcasting
   886 | D:2      | Reached XP level 3. HP: 31/31 MP: 7/9
   890 | D:2      | Learned a level 3 spell: Hailstorm
  1050 | D:2      | Found a runed translucent door.
  1265 | D:2      | Reached skill level 1 in Invocations
  1298 | D:2      | Reached skill level 1 in Short Blades
  1298 | D:2      | Reached skill level 1 in Long Blades
  1298 | D:2      | Reached skill level 1 in Maces & Flails
  1298 | D:2      | Reached skill level 1 in Polearms
  1298 | D:2      | Reached skill level 1 in Staves
  1298 | D:2      | Reached skill level 1 in Ranged Weapons
  1298 | D:2      | Reached skill level 1 in Throwing
  1298 | D:2      | Reached skill level 1 in Armour
  1298 | D:2      | Reached skill level 1 in Stealth
  1298 | D:2      | Reached skill level 1 in Shields
  1298 | D:2      | Reached skill level 1 in Unarmed Combat
  1298 | D:2      | Reached skill level 1 in Evocations
  1309 | D:2      | Noticed Terence
  1580 | D:2      | Reached XP level 4. HP: 18/38 MP: 11/11
  1996 | D:2      | Killed Terence
  1997 | D:2      | Reached skill level 1 in Hexes
  1997 | D:2      | Reached skill level 1 in Summonings
  1997 | D:2      | Reached skill level 1 in Necromancy
  1997 | D:2      | Reached skill level 1 in Translocations
  1997 | D:2      | Reached skill level 1 in Transmutations
  1997 | D:2      | Reached skill level 1 in Fire Magic
  1997 | D:2      | Reached skill level 1 in Ice Magic
  1997 | D:2      | Reached skill level 1 in Air Magic
  1997 | D:2      | Reached skill level 1 in Earth Magic
  1997 | D:2      | Reached skill level 1 in Poison Magic
  2278 | D:2      | Noticed Crazy Yiuf
  2285 | D:2      | Killed Crazy Yiuf
  2286 | D:2      | Reached XP level 5. HP: 36/36 MP: 12/12
  2395 | D:3      | Noticed Ijyb
  2418 | D:3      | Killed Ijyb
  2670 | D:3      | Found a hide-covered altar of Uskayaw.
  3031 | D:3      | Reached XP level 6. HP: 39/39 MP: 13/13
  3444 | D:4      | Reached skill level 5 in Fighting
  3444 | D:4      | Reached skill level 5 in Dodging
  3570 | D:4      | Noticed Duvessa
  3570 | D:4      | Noticed Dowan
  3698 | D:4      | Found Faug's Jewellery Boutique.
  3858 | D:4      | HP: 1/23 [Dowan/+0 dagger (1)]
  3859 | D:4      | Succumbed to Duvessa's curare-tipped dart

Illustrated notes

Levels and vault maps discovered:
D:1:      wander_arrival_lonely_grave, layout_loops_cross
D:2:      layout_basic, uniq_terence, uniq_crazy_yiuf_cottage
D:3:      layout_loops_ring, mainiacjoe_overflow_concentric_impassable,
          st_stairs_9, minmay_misc_feat_room, uniq_ijyb
D:4:      layout_basic, serial_shops, shop, uniq_duvessa

Skill      XL: |  1  2  3  4  5  6 |
---------------+-------------------+-----
Spellcasting   | 5 |  5.3
Invocations    | 1 2 |  2.1
Short Blades   | 1 2 |  2.0
Long Blades    | 1 2 |  2.0
Maces & Flails | 1 2 |  2.0
Polearms       | 1 2 |  2.0
Staves         | 1 2 |  2.0
Ranged Weapons | 1 2 |  2.0
Throwing       | 1 2 |  2.0
Armour         | 1 2 |  2.0
Stealth        | 1 2 |  2.0
Shields        | 1 2 |  2.0
Unarmed Combat | 1 2 |  2.0
Evocations     | 1 2 |  2.0
Hexes          | 1 |  1.5
Summonings     | 1 |  1.5
Necromancy     | 1 |  1.5
Translocations | 1 |  1.5
Transmutations | 1 |  1.5
Fire Magic     | 1 |  1.5
Ice Magic      | 1 |  1.5
Air Magic      | 1 |  1.5
Earth Magic    | 1 |  1.5
Poison Magic   | 1 |  1.5
Fighting       | 5 |  5.0
Dodging        | 5 |  5.0
Axes           | |  6.8
Conjurations   | |  5.6

Action                     |  1- 3 |  4- 6 || total
---------------------------+-------+-------++-------
  Melee: Hand axe          |   126 |   210 ||   336
         Bite              |     8 |    22 ||    30
         Punch             |     3 |     5 ||     8
  Throw: Dart              |       |     4 ||     4
   Cast: Kiss of Death     |       |     8 ||     8
         Momentum Strike   |       |     2 ||     2
         Hailstorm         |       |     1 ||     1
    Use: Scroll            |     3 |     5 ||     8
         Potion            |     2 |     3 ||     5
   Stab: Sleeping          |     1 |       ||     1
 Armour: Leather armour    |    29 |    57 ||    86
  Dodge: Dodged            |    65 |   113 ||   178
